 Dungeon Sprint DCSS version 0.24-a0-459-g225fefd530 (webtiles) character file.

Game seed: 14044245020749723492

95 epen the Slasher (level 4, -3/55 HPs)
             Began as a Demonspawn Gladiator on June 29, 2019.
             Slain by a water elemental (8 damage)
             ... in the Dungeon (Sprint III: "The Ten Rune Challenge").
             The game lasted 00:02:07 (769 turns).

epen the Slasher (Demonspawn Gladiator)              Turns: 769, Time: 00:02:08

Health: -3/55      AC: 22    Str: 15    XL:     4   Next: 39%
Magic:  4/4        EV:  2    Int:  9    God:
Gold:   30         SH:  0    Dex: 17    Spells: 3/3 levels left

rFire    . . .     SeeInvis .   (no weapon)
rCold    . . .     Gourm    .   (no shield)
rNeg     + + +     Faith    .   (armour currently unavailable)
rPois    +         Spirit   .   (helmet currently unavailable)
rElec    .         Reflect  .   (cloak currently unavailable)
rCorr    .         Harm     .   (gloves currently unavailable)
MR       .....     NoTele   +   (boots currently unavailable)
Stlth    +++.......             (no amulet)
HPRegen  0.18/turn              (no ring)
MPRegen  0.09/turn              (no ring)

@: tree-form, engulfed, hasted, very quick
A: thin skeletal structure 1, nightstalker 1
a: no special abilities


You were in the Dungeon.
You were not hungry.
You were a tree.
You visited 1 branch You collected 30 gold pieces.

Inventory:

Hand Weapons
 a - a +1 long sword
Missiles
 d - 2 throwing nets (quivered)
Armour
 b - a +0 leather armour
 c - a +0 helmet (melded)
 m - a +0 scale mail (melded)
Scrolls
 j - 2 scrolls of identify
 k - a scroll of blinking
 n - 3 scrolls of remove curse
Potions
 e - 5 potions of mutation
 i - 2 potions of magic
 p - 2 potions of flight
Comestibles
 f - 3 rations


   Skills:
 + Level 4.0 Fighting
 * Level 5.4 Long Blades
 + Level 3.5 Throwing
 + Level 2.9 Armour
 + Level 4.1 Dodging


You had 3 spell levels left.
You didn't know any spells.
Your spell library was empty.

Dungeon Overview and Level Annotations

Branches:
Dungeon (1/1)

Altars:


Innate Abilities, Weirdness & Mutations

You have a somewhat thin skeletal structure. (Dex +2, Stealth)
You are slightly more attuned to the shadows.


Message History

Really quaff the potion of mutation?
Okay, then.
Unknown command.
It was a potion of lignification.
You turn into a tree.
Your +0 helmet melds into your body.
Your +0 scale mail melds into your body.
Your roots penetrate the ground.
The water elemental barely misses you.
You riposte.
You hit the water elemental.
The water elemental is lightly damaged.
You feel yourself speed up. The water elemental hits you.
* * * LOW HITPOINT WARNING * * *
The water elemental engulfs you in water!
Wield which item (- for none, * to show all)? (? for menu, Esc to quit)
You are now empty-handed.
You smack the water elemental!
The water elemental is heavily damaged.
You hit the water elemental but do no damage.
The water elemental is heavily damaged.
The water elemental hits you!
You die...

▓..#..#......♣ ♣.#
▓#'####....♣♣♣ ♣.#
▓.....#....≈♣ ♣.###+#+
▓.....#...≈≈♣♣♣♣♣.#.....
▓.....#..≈≈≈≈♣..♣.'.⌠...
▓####'#..≈≈≈≈≈≈♣♣.#...##
▓....÷#.≈≈≈≈≈≈....#.⌠.#
▓.[...#.≈≈≈≈≈..E..# ..#
▓.....#.≈≈≈...♣...# ###
▓'#####...........#
▓...÷.............#
▓▓▓▓▓▓▓▓▓▓▓▓▓▓▓▓▓▓▓


You could see a water elemental.

Vanquished Creatures
  A scorpion (D)
  Jessica (D)
  A human (D)
  3 rats (D)
6 creatures vanquished.

Vanquished Creatures (others)
  2 draconian scorchers (D)
  6 hellions (D)
  A yaktaur (D)
  5 plants (D)
14 creatures vanquished.

Grand Total: 20 creatures vanquished

Notes
Turn   | Place    | Note
-------+----------+-------------------------------------------
     0 | D        | epen the Demonspawn Gladiator began the quest for the Orb.
     0 | D        | Reached XP level 1. HP: 16/16 MP: 1/1
    12 | D        | Noticed Jessica
    14 | D        | Reached skill level 3 in Long Blades
    20 | D        | Killed Jessica
    20 | D        | Reached skill level 4 in Long Blades
    20 | D        | Reached skill level 1 in Armour
    20 | D        | Gained mutation: You are slightly more attuned to the
                  | shadows. [demonic ancestry]
    20 | D        | Reached XP level 2. HP: 7/24 MP: 2/2
    83 | D        | Killed a hellion
    86 | D        | Killed a hellion
    98 | D        | Killed a hellion
   133 | D        | Killed a white draconian scorcher
   133 | D        | Killed a hellion
   134 | D        | Killed a hellion
   136 | D        | Killed a hellion
   148 | D        | Killed a yaktaur
   188 | D        | Killed a white draconian scorcher
   255 | D        | Noticed a scorpion
   286 | D        | Killed a scorpion
   286 | D        | Reached skill level 5 in Long Blades
   286 | D        | Reached XP level 3. HP: 5/30 MP: 3/3
   286 | D        | Gained mutation: You have a somewhat thin skeletal
                  | structure. (Dex +2, Stealth) [demonic ancestry]
   286 | D        | Reached XP level 4. HP: 6/37 MP: 4/4
   748 | D        | Noticed a water elemental
   769 | D        | Slain by a water elemental

Levels and vault maps discovered:
D:        dungeon_sprint_mu [sprint_mu_entry_forest, sprint_mu_temple_rooms,
          sprint_mu_d1_spiders, sprint_mu_d2_genie, sprint_mu_d3_branching,
          sprint_mu_orc_legion, sprint_mu_elf_gauntlet, sprint_mu_hive_nellie,
          sprint_mu_lair_fedhas, sprint_mu_vaults_butterflies,
          sprint_mu_slime_circle, sprint_mu_swamp_cave, sprint_mu_snake_twists,
          sprint_mu_blade_basic, sprint_mu_crypt_fortress,
          sprint_mu_tomb_spiral, sprint_mu_vestibule_basic,
          sprint_mu_gehenna_hellfire, sprint_mu_dis_giant,
          sprint_mu_tartarus_statrot, sprint_mu_cocytus_islands, sprint_mu_zot1]

Skill      XL: |  1  2  3  4 |
---------------+-------------+-----
Throwing       | 2 3 |  3.5
Long Blades    | 4 5 |  5.4
Fighting       | 3 4 |  4.0
Armour         | 1 2 |  2.9
Dodging        | 3 4 |  4.1

Action                   |  1- 3 |  4- 6 || total
-------------------------+-------+-------++-------
Melee: Long sword        |    24 |    13 ||    37
       Unarmed           |       |     2 ||     2
Throw: Throwing net      |     3 |       ||     3
  Use: Potion            |     2 |     4 ||     6
       Scroll            |       |     4 ||     4
 Stab: Held in net/web   |     1 |       ||     1
Armor: Scale mail        |     1 |     3 ||     4
Dodge: Dodged            |    12 |     8 ||    20
       Rpst.: Long sword |     3 |     5 ||     8

Table legend:
 A = Non-vault XP
 B = Vault XP
 C = Vault XP percentage of total XP
 D = Non-vault monster count
 E = Vault monster count
 F = Vault count percentage of total count
                 A         B        C        D         E       F
            +---------+---------+-------+---------+---------+-------
      Total |       0 |     136 | 100.0 |       0 |       6 | 100.0
            +---------+---------+-------+---------+---------+-------
          D |       0 |     136 | 100.0 |       0 |       6 | 100.0
            +---------+---------+-------+---------+---------+-------
